 Dungeon Crawl Stone Soup version 0.21.0 (webtiles) character file.

6395 MDvedh the Cleaver (level 10, -1/91 HPs)
             Began as a Hill Orc Monk on Jan 7, 2018.
             Slain by a two-headed ogre
             ... wielding a +0 dire flail
              (8 damage)
             ... on level 9 of the Dungeon.
             The game lasted 00:16:47 (9847 turns).

MDvedh the Cleaver (Hill Orc Monk)                  Turns: 9847, Time: 00:16:48

Health: -1/91      AC: 17    Str: 18    XL:     10   Next: 98%
Magic:  10/10      EV: 13    Int: 14    God:
Gold:   548        SH:  0    Dex: 13    Spells: 9/9 levels left

rFire    . . .     SeeInvis .   a - +1 hand axe
rCold    . . .     Gourm    .   (no shield)
rNeg     + . .     Faith    .   r - +3 scale mail "Bibbous" {rPois rN+ MR- Regen+}
rPois    +         Spirit   .   i - +1 helmet
rElec    .         Reflect  .   s - +1 cloak
rCorr    .         Harm     .   (no gloves)
MR       .....                  B - +0 pair of boots
Stlth    ..........             (no amulet)
HPRegen  0.65/turn              p - +4 ring of intelligence
MPRegen  0.12/turn              (no ring)

@: about to teleport
A: no striking features
a: no special abilities


You were on level 9 of the Dungeon.
You were very hungry.

You visited 1 branch of the dungeon, and saw 9 of its levels.
You also visited: Sewer.

You collected 548 gold pieces.

Inventory:

Hand Weapons
 a - a +1 hand axe (weapon)
Armour
 i - a +1 helmet (worn)
 r - the +3 scale mail "Bibbous" (worn) {rPois rN+ MR- Regen+}
   (You found it on level 9 of the Dungeon)

   It protects you from poison.
   It protects you from negative energy.
   It affects your resistance to hostile enchantments.
   It increases your rate of regeneration.
 s - a +1 cloak (worn)
 v - a +0 plate armour
 A - the +1 scale mail of Lifelessness {Str+6 Slay+3}
   (You found it on level 7 of the Dungeon)

   It affects your strength (+6).
   It affects your accuracy and damage with ranged weapons and melee attacks
   (+3).
 B - a +0 pair of boots (worn)
Jewellery
 p - a +4 ring of intelligence (left hand)
Wands
 q - a wand of polymorph (32)
 w - a wand of acid (6)
 y - a wand of flame (19)
 z - a wand of scattershot (4)
Scrolls
 b - 2 scrolls of immolation
 d - 2 scrolls of fear
 j - 3 scrolls of noise
 k - 6 scrolls of identify
 l - 3 scrolls of magic mapping
 m - 2 scrolls of teleportation
 n - 2 scrolls of enchant weapon
 t - 3 scrolls of remove curse
Potions
 e - 3 potions of flight {unknown}
 h - 2 potions of brilliance {unknown}
 o - 2 potions of degeneration {unknown}
 u - a potion of haste {unknown}
 x - 2 potions of ambrosia {unknown}
 C - a potion of agility {unknown}
Comestibles
 c - 20 rations


   Skills:
 + Level 9.1 Fighting
 - Level 14.1 Axes
 + Level 7.6 Armour
 + Level 6.3 Dodging
 - Level 1.5 Stealth


You had 9 spell levels left.
You didn't know any spells.

Dungeon Overview and Level Annotations

Branches:
Dungeon (9/15)             Temple (0/1) D:7            Lair (0/6) D:9
    Orc: D:9-12

Altars:
Cheibriados
Dithmenos
Fedhas
Gozag
Nemelex Xobeh
Qazlal
Ru
Uskayaw
Vehumet
Xom
Zin
The Shining One

Annotations:
D:3 braks's ghost, amateur DrCj


Message History

The barbed spikes dig painfully into your body as you move.
* * * LOW HITPOINT WARNING * * *
The barbed spikes dig painfully into your body as you move.
* * * LOW HITPOINT WARNING * * *
The barbed spikes snap loose.
You feel better.
As you read the scroll of teleportation, it crumbles to dust.
You feel strangely unstable.
The two-headed ogre hits you but does no damage.
The two-headed ogre hits you with a giant club!
* * * LOW HITPOINT WARNING * * *
You hit the two-headed ogre.
The two-headed ogre is lightly wounded.
You feel better. The two-headed ogre misses you.
The two-headed ogre barely misses you.
You feel better.
The two-headed ogre hits you with a dire flail!
* * * LOW HITPOINT WARNING * * *
The two-headed ogre hits you with a giant club!
You die...

#..............#
###..............#
<..............>.####
.....................<###
...................##...##
...................#####...
...............)......#####
..........<......####..#
........#.@....#..####.###
>.........O###......##...##
.......).#H.###......##..#
####...†.##.#.###.........
###...#..#.H.###...##..
##...#.##(#...###.....
###....#.#..###.H.###...
#....#.#.#O##.......###.
#.##...#H#..#....###.(##


You could see a two-headed ogre and a manticore.

Vanquished Creatures
  Erolcha (D:9)
  A two-headed ogre (D:8)
  A cyclops (D:9)
  A gargoyle (D:7)
  A spriggan (D:9)
  A hungry ghost (D:7)
  Menkaure (D:5)
  A water moccasin (D:6)
  Purgy (Sewer)
  An orc warrior (D:6)
  Duvessa (D:7)
  4 sky beasts
  3 ice beasts
  4 black bears
  5 ogres
  4 centaurs
  A big kobold (D:8)
  2 bullfrogs
  Dowan (D:7)
  8 killer bees
  2 howler monkeys
  4 crimson imps
  2 bullfrog zombies
  9 hounds
  Crazy Yiuf (D:3)
  5 orc wizards
  An iron imp (D:5)
  6 worker ants
  2 hound zombies
  2 worker ant zombies
  Robin (D:3)
  4 gnolls
  12 adders
  A shadow imp (D:6)
  An ooze (D:1)
  3 worms
  A dart slug (D:4)
  5 leopard geckos
  18 orcs
  5 bats
  10 giant cockroaches
  19 goblins
  16 hobgoblins
  5 jackals
  10 quokkas
  8 ball pythons
  9 frilled lizards
  18 kobolds
  A quokka skeleton (D:7)
  4 rats
228 creatures vanquished.

Vanquished Creatures (others)
  An orc (D:9)
  A giant cockroach (D:2)
  A hobgoblin (D:2)
  A quokka (D:2)
4 creatures vanquished.

Grand Total: 232 creatures vanquished

Notes
Turn   | Place    | Note
-------+----------+-------------------------------------------
     0 | D:1      | MDvedh the Hill Orc Monk began the quest for the Orb.
     0 | D:1      | Reached XP level 1. HP: 19/19 MP: 1/1
   156 | D:1      | Reached XP level 2. HP: 18/26 MP: 2/2
   372 | D:1      | Reached skill level 5 in Axes
   595 | D:1      | Reached XP level 3. HP: 23/31 MP: 3/3
  1264 | D:2      | Reached skill level 6 in Axes
  1368 | D:2      | Found a blossoming altar of Fedhas.
  1390 | D:2      | Reached XP level 4. HP: 37/39 MP: 4/4
  1608 | D:1      | Reached skill level 7 in Axes
  1868 | D:2      | Found a shimmering altar of Xom.
  1890 | D:2      | Reached XP level 5. HP: 42/45 MP: 5/5
  2232 | D:2      | Found a stormy altar of Qazlal.
  2256 | D:2      | Found a radiant altar of Vehumet.
  2584 | D:3      | Found a glowing drain.
  2608 | D:3      | Reached skill level 8 in Axes
  2639 | Sewer    | Entered a sewer
  2691 | Sewer    | Noticed Purgy
  2761 | Sewer    | Killed Purgy
  2761 | Sewer    | Reached skill level 9 in Axes
  2761 | Sewer    | Reached XP level 6. HP: 12/51 MP: 6/6
  3152 | D:3      | Noticed Robin
  3192 | D:3      | Killed Robin
  3304 | D:3      | Noticed braks's ghost (amateur DrCj)
  3882 | D:3      | Found a runed door.
  4148 | D:3      | Noticed Crazy Yiuf
  4196 | D:3      | Killed Crazy Yiuf
  4318 | D:4      | Found a shadowy altar of Dithmenos.
  4432 | D:4      | Found a snail-covered altar of Cheibriados.
  4570 | D:4      | Found an opulent altar of Gozag.
  4571 | D:4      | Found a sparkling altar of Nemelex Xobeh.
  4694 | D:5      | Entered Level 5 of the Dungeon
  4787 | D:5      | Found a sacrificial altar of Ru.
  4854 | D:5      | Reached skill level 10 in Axes
  4855 | D:5      | Reached XP level 7. HP: 57/57 MP: 7/7
  4953 | D:5      | Noticed Menkaure
  4971 | D:5      | Killed Menkaure
  5193 | D:5      | Reached skill level 11 in Axes
  5424 | D:5      | Reached XP level 8. HP: 36/64 MP: 8/8
  5745 | D:5      | Found a snail-covered altar of Cheibriados.
  5821 | D:6      | Reached skill level 12 in Axes
  6244 | D:6      | Reached skill level 13 in Axes
  7079 | D:7      | Reached skill level 14 in Axes
  7081 | D:7      | Reached XP level 9. HP: 38/71 MP: 9/9
  7258 | D:7      | Reached skill level 1 in Armour
  7351 | D:7      | Got a faintly glowing scale mail
  7363 | D:7      | Identified the cursed +1 scale mail of Lifelessness {Str+6 Slay+3} (You found it on level 7 of the Dungeon)
  7378 | D:7      | Found a hide-covered altar of Uskayaw.
  7382 | D:7      | Noticed a dagger
  7383 | D:7      | Noticed a hand axe
  7453 | D:7      | Noticed Dowan
  7454 | D:7      | Noticed Duvessa
  7457 | D:7      | Noticed a gargoyle
  7554 | D:7      | Killed Duvessa
  7577 | D:7      | Killed Dowan
  7645 | D:7      | Reached skill level 5 in Fighting
  7783 | D:7      | Found a glowing golden altar of the Shining One.
  7786 | D:7      | Found a glowing silver altar of Zin.
  7936 | D:7      | Found a staircase to the Ecumenical Temple.
  8037 | D:7      | Killed a gargoyle
  8463 | D:8      | Reached skill level 5 in Armour
  8463 | D:8      | Reached XP level 10. HP: 65/84 MP: 10/10
  8819 | D:9      | Noticed Erolcha
  8819 | D:9      | Noticed a two-headed ogre
  9009 | D:8      | HP: 3/86 [two-headed ogre/giant club (10)]
  9010 | D:8      | Killed a two-headed ogre
  9010 | D:8      | Reached skill level 5 in Dodging
  9439 | D:9      | Got a spiked scale mail
  9458 | D:9      | Identified the +3 scale mail "Bibbous" {rPois rN+ MR- Regen+} (You found it on level 9 of the Dungeon)
  9651 | D:9      | Found a staircase to the Lair.
  9677 | D:9      | Killed Erolcha
  9787 | D:9      | Noticed a two-headed ogre
  9788 | D:9      | Noticed a cyclops
  9795 | D:9      | Noticed a manticore
  9819 | D:9      | Killed a cyclops
  9847 | D:9      | Slain by a two-headed ogre

Skill      XL: |  1  2  3  4  5  6  7  8  9 10 |
---------------+-------------------------------+-----
Axes           | 5 6 7 9 10 11 14 | 14.1
Fighting       | 6 9 |  9.1
Armour         | 5 7 |  7.6
Dodging        | 4 6 |  6.3
Stealth        | |  1.5

Action                   |  1- 3 |  4- 6 |  7- 9 | 10-12 || total
-------------------------+-------+-------+-------+-------++-------
Melee: Hand axe          |   122 |   371 |   466 |   193 ||  1152
       Unarmed           |       |     5 |       |     7 ||    12
  Use: Scroll            |       |    13 |     2 |     2 ||    17
       Potion            |       |     4 |     3 |     9 ||    16
 Stab: Sleeping          |     1 |       |       |       ||     1
  Eat: Chunk             |     2 |    11 |    11 |       ||    24
       Ration            |       |       |     1 |     1 ||     2
Armor: Robe              |     4 |       |       |       ||     4
       Ring mail         |    24 |       |       |       ||    24
       Scale mail        |    16 |   170 |    49 |   104 ||   339
       Plate armour      |       |    24 |   164 |       ||   188
       Skin              |       |       |       |     2 ||     2
Dodge: Dodged            |    58 |   202 |    95 |   130 ||   485
